 Dungeon Crawl Stone Soup version 0.28-a0-991-g956f0ee3d5 (webtiles) character file.

Game seed: 12462859835643180331

2006 gimp the Cleaver (level 9, -1/66 (88) HPs)
             Began as an Ogre Wanderer on Nov 16, 2021.
             Was a Believer of Okawaru.
             Slain by an orc (5 damage)
             ... in a bailey on Dec 5, 2021.
             The game lasted 00:15:03 (11537 turns).

gimp the Cleaver (Ogre Wanderer)                   Turns: 11537, Time: 00:15:03

HP:   -1/66 (88)    AC:  3    Str: 15    XL:     9   Next: 22%
MP:   0/13          EV: 12    Int: 13    God:    Okawaru [**....]
Gold: 303           SH:  0    Dex: 14    Spells: 12/12 levels left

rFire   . . .      SeeInvis .   a - +2 hand axe (vamp)
rCold   . . .      Faith    .   (no shield)
rNeg    . . .      Spirit   +   d - +0 robe
rPois   .          Reflect  .   (helmet restricted)
rElec   .          Harm     .   (no cloak)
rCorr   .          Rampage  .   (gloves unavailable)
Will    +....                   (boots unavailable)
Stlth   +++.......              m - amulet of guardian spirit
HPRegen 0.21/turn               p - ring of willpower
MPRegen 0.13/turn               r - ring of flight

@: heroic, flying, very heavily drained
A: large, unfitting armour, tough skin 1
a: Renounce Religion, Heroism


You were in a bailey.
You worshipped Okawaru.
Okawaru was pleased with you.
You visited 2 branches of the dungeon, and saw 10 of its levels.
You also visited: Sewer and Bailey.

You collected 303 gold pieces.

Inventory:

Hand Weapons
 a - a +2 vampiric hand axe (weapon)
 b - a +3 hand axe
Missiles
 i - a throwing net
 s - 18 poisoned darts (quivered)
 w - a curare-tipped dart
Armour
 d - a +0 robe (worn)
Jewellery
 m - an amulet of guardian spirit (around neck)
 p - a ring of willpower (left hand)
 r - a ring of flight (right hand)
Wands
 t - a wand of digging (5)
 v - a wand of paralysis (21)
Scrolls
 e - a scroll of vulnerability
 f - 3 scrolls of amnesia
 g - 4 scrolls of teleportation
 h - 3 scrolls of immolation
 j - a scroll of fear
 l - 2 scrolls of enchant armour
 q - 2 scrolls of blinking
Potions
 c - 5 potions of curing
 k - 3 potions of flight
 n - 2 potions of berserk rage
 o - 2 potions of ambrosia {unknown}
 u - a potion of mutation {unknown}


   Skills:
 - Level 5.0(10.0) Fighting
 * Level 10.1(15.1) Axes
 - Level 1.0(6.0) Throwing
 + Level 2.0(7.0) Dodging
 - Level 1.0(6.0) Stealth
 - Level 2.4 Spellcasting
 - Level 1.0 Ice Magic
 - Level 5.4 Invocations


You had 12 spell levels left.
You didn't know any spells.
Your spell library contained the following spells:

 Spells                   Type           Power      Damage    Failure   Level
 Ensorcelled Hibernation  Hex/Ice        4%         N/A       30%         2
 Scorch                   Fire           2%         2d5       36%         2
 Gell's Gravitas          Tloc           1%         N/A       58%         3
 Lesser Beckoning         Tloc           1%         N/A       58%         3
 Spider Form              Tmut/Pois      1%         N/A       58%         3
 Teleport Other           Tloc           1%         N/A       58%         3
 Flame Wave               Conj/Fire      1%         2d4       94%         4
 Summon Small Mammal      Summ           Unusable   N/A       N/A         1
 Call Canine Familiar     Summ           Unusable   N/A       N/A         3
 Summon Guardian Golem    Hex/Summ       Unusable   N/A       N/A         3
 Summon Cactus Giant      Summ           Unusable   N/A       N/A         6

Dungeon Overview and Level Annotations

Branches:
Dungeon (9/15)             Temple (1/1) D:4           Sewer (visited)
 Bailey (1/1)
   Lair: D:8-11         Orc: D:9-12

Altars:
Ashenzari
Dithmenos
Elyvilon
Fedhas
Gozag
Hepliaklqana
Kikubaaqudgha
Makhleb
Nemelex Xobeh
Okawaru
Qazlal
Ru
Sif Muna
Trog
Uskayaw
Vehumet
Wu Jian
Xom
Yredelemnul
Zin
The Shining One

Annotations:
D:2 Sigmund
D:8 Erica


Innate Abilities, Weirdness & Mutations

You are too large for most types of armour.
You have tough skin. (AC +1)


Message History

The orc closely misses you. The orc warrior closely misses you.
The orc misses you.
You now have 11/13 mp.
The orc shouts!
You hit the orc.
The orc is lightly wounded.
The orc hits you from afar with a +0 spear.
The orc warrior closely misses you. The orc barely misses you.
You take 4 damage, and have 62/66 hp.
You slash the orc!
You kill the orc!
Okawaru accepts your kill. The orc hits you but does no damage.
The orc hits you from afar with a +0 spear.
The orc warrior hits you from afar with a +0 trident.
You take 6 damage, and have 56/66 hp.
The orc hits you with a +0 trident. The orc closely misses you. x2
The orc hits you from afar with a +0 halberd! x2
The orc hits you from afar with a +0 trident.
The orc warrior barely misses you.
You take 22 damage, and have 34/66 hp.
MASSIVE DAMAGE!!
You now have 6/13 mp.
The orc misses you.
The orc hits you from afar with a +0 halberd!
The orc barely misses you.
The orc warrior hits you from afar with a +0 trident!!
* * * LOW HITPOINT WARNING * * *
You take 26 damage, and have 8/66 hp.
MASSIVE DAMAGE!!
You now have 2/13 mp.
The orc hits you from afar with a +0 spear.
* * * LOW HITPOINT WARNING * * *
You take 1 damage, and have 7/66 hp.
You now have 1/13 mp.
You feel better.
The orc hits you from afar with a +0 trident.
* * * LOW HITPOINT WARNING * * *
The orc hits you from afar with a +0 halberd.
* * * LOW HITPOINT WARNING * * *
The orc barely misses you. x2; The orc misses you.
You take 3 damage, and have 4/66 hp.
The orc misses you. The orc closely misses you.
The orc hits you from afar with a +0 halberd!
You die...

#.......#
#.......#
#.......#
#.o.....#
#ooo....#
#ooo....#
#ooo....#
#o.....∩#
#@......#
##..∩..##
#######


You could see an orc warrior and 10 orcs.

Vanquished Creatures
  3 sky beasts
  An orc warrior (D:6)
  2 necrophages (D:8)
  A centaur (D:5)
  2 ogres (D:4)
  2 kobold brigands
  A bullfrog (D:7)
  A wyvern zombie (D:8)
  3 wights
  2 centaur zombies
  A hound (D:5)
  2 jellies (D:5)
  A gnoll shaman (D:6)
  4 orc priests
  A bullfrog skeleton (D:5)
  A centaur skeleton (D:5)
  A scorpion zombie (D:5)
  4 orc wizards
  2 killer bee zombies
  A mummy (D:8)
  2 howler monkey skeletons
  7 gnolls
  4 adders
  A river rat (Sewer)
  A shadow imp (D:4)
  An ufetubus (D:6)
  A worm (D:2)
  A dart slug (D:1)
  23 orcs
  11 bats
  7 endoplasms
  7 giant cockroaches
  4 goblins
  5 hobgoblins
  8 jackals
  8 quokkas
  3 ball pythons
  5 frilled lizards
  14 kobolds
  6 rats
155 creatures vanquished.

Vanquished Creatures (others)
  A plant (D:2)
  3 withered plants (D:8)
4 creatures vanquished.

Grand Total: 159 creatures vanquished

Notes
Turn   | Place    | Note
-------+----------+-------------------------------------------
     0 | D:1      | gimp the Ogre Wanderer began the quest for the Orb.
     0 | D:1      | gimp set off with the following items: a +2 hand axe, a
                  | potion of lignification, a potion of curing, a +0 robe
     0 | D:1      | Reached XP level 1. HP: 22/22 MP: 3/3
   374 | D:1      | Reached XP level 2. HP: 27/31 MP: 5/5
   837 | D:1      | Reached skill level 3 in Axes
   879 | D:1      | Reached XP level 3. HP: 37/37 MP: 6/6
  1317 | D:2      | Upgraded the game from 0.28-a0-863-g8cecda6153 to
                  | 0.28-a0-991-g956f0ee3d5
  1404 | D:2      | Found a faded altar of an unknown god.
  1591 | D:2      | Reached XP level 4. HP: 32/48 MP: 7/7
  1944 | D:2      | Noticed Sigmund
  2121 | D:3      | Reached skill level 4 in Axes
  2275 | D:3      | Found a glowing drain.
  2317 | Sewer    | Entered a sewer
  2435 | Sewer    | Noticed a kobold brigand
  2452 | Sewer    | Reached XP level 5. HP: 53/54 MP: 8/8
  2499 | Sewer    | Killed a kobold brigand
  2659 | Sewer    | Found a white marble altar of Elyvilon.
  2968 | D:3      | Reached skill level 5 in Axes
  3541 | D:4      | Noticed an ogre
  3553 | D:4      | Killed an ogre
  3554 | D:4      | Reached skill level 5 in Fighting
  3554 | D:4      | Reached XP level 6. HP: 48/66 MP: 6/9
  3736 | D:4      | Reached skill level 6 in Axes
  3852 | D:4      | Found an ancient bone altar of Kikubaaqudgha.
  4226 | D:4      | Found a staircase to the Ecumenical Temple.
  4231 | Temple   | Entered the Ecumenical Temple
  4329 | Temple   | Became a worshipper of Warmaster Okawaru
  5065 | D:5      | Entered Level 5 of the Dungeon
  5080 | D:5      | Reached XP level 7. HP: 61/72 MP: 7/10
  5208 | D:5      | Reached skill level 1 in Invocations
  5620 | D:5      | Reached skill level 7 in Axes
  6128 | D:4      | Reached * piety under Okawaru
  6173 | D:4      | Reached XP level 8. HP: 29/80 MP: 6/11
  7523 | D:6      | Reached skill level 8 in Axes
  8844 | D:7      | Reached skill level 9 in Axes
  9525 | D:7      | Found a glowing silver altar of Zin.
  9811 | D:7      | Reached skill level 5 in Invocations
 10108 | D:8      | Reached XP level 9. HP: 57/88 MP: 7/13
 10434 | D:8      | Noticed Erica
 10746 | D:8      | Found a burning altar of Makhleb.
 10813 | D:8      | Reached skill level 10 in Axes
 11434 | D:9      | Reached ** piety under Okawaru
 11467 | D:9      | Noticed a two-headed ogre
 11514 | D:9      | Found a flagged portal.
 11521 | Bailey   | Entered a bailey
 11537 | Bailey   | Slain by an orc

Illustrated notes

Levels and vault maps discovered:
D:1:      giann_wishing_wells, layout_basic
D:2:      layout_loops_ring, hellmonk_ecumenical_altar_zigzags, serial_forest,
          infiniplex_forest_3_way, infiniplex_forest_straight_2,
          infiniplex_forest_lined_room_3, infiniplex_forest_lined_room_3,
          infiniplex_forest_clump_diagonal, infiniplex_forest_zigzag_2,
          infiniplex_forest_lined_corner, infiniplex_forest_lined_ring,
          infiniplex_forest_straight_2, uniq_jessica, uniq_sigmund
D:3:      layout_basic, gup_sewer_entry_pipe, minmay_misc_feat_rows,
          minmay_vboxes
D:4:      layout_basic, kiku_gazebo_pond_becter, temple_doors_e
D:5:      layout_basic, serial_co_window_serial, co_window_paths_a,
          co_window_paths_b, co_window_of_opportunity_a,
          co_window_of_opportunity_a, co_window_paths_a, co_window_corner_a,
          co_window_2corner, co_window_corner_b, co_window_broadway_a,
          co_window_broadway_c, co_window_broadway_a, co_window_2corner,
          co_window_broadway_a, co_window_paths_d, glass_columns_b,
          glass_columns_b, glass_columns_a
D:6:      layout_basic
D:7:      layout_loops_ring, mainiacjoe_overflow_surrounded_room
D:8:      layout_cave_pods, mainiacjoe_overflow_paths, serial_undead,
          serial_undead_c, serial_undead_a, serial_undead_a, serial_undead_b,
          serial_undead_e, serial_undead_d, serial_undead_a, uniq_erica
D:9:      layout_long_grid, chei_slow_surprise, hiddenorc2_lemuel,
          enter_bailey_2
Temple:   hc_temple_tempest_star
Bailey:   bailey_polearm_5, bailey

Skill      XL: |  1  2  3  4  5  6  7  8  9 |
---------------+----------------------------+-----
Fighting       | 3 4 5 |  5.0
Axes           | 3 4 5 6 7 9 10 | 10.1
Invocations    | 3 5 |  5.4
Dodging        | 2 |  2.0
Throwing       | |  1.0
Stealth        | |  1.0
Spellcasting   | |  2.4
Ice Magic      | |  1.0

Action                   |  1- 3 |  4- 6 |  7- 9 || total
-------------------------+-------+-------+-------++-------
Melee: Hand axe          |   112 |   214 |   378 ||   704
       Punch             |       |       |     1 ||     1
Throw: Dart              |       |     8 |       ||     8
Invok: Heroism           |       |       |     2 ||     2
  Use: Scroll            |       |     6 |     6 ||    12
       Potion            |       |     1 |     4 ||     5
 Stab: Sleeping          |     3 |     5 |     1 ||     9
       Distracted        |       |       |     1 ||     1
Armor: Robe              |    59 |    41 |    68 ||   168
       Skin              |       |    14 |       ||    14
Dodge: Dodged            |    60 |    76 |   176 ||   312

Table legend: (Time is in decaauts)
 A = Elapsed time spent in this place.
 B = Non-inter-level travel time spent in this place.
 C = Inter-level travel time spent in this place.
 D = Time resting spent in this place.
 E = Time spent auto-exploring this place.
 F = Levels seen in this place.
 G = Mean time per level.
                   A        B        C        D        E       F      G
               +--------+--------+--------+--------+--------+-----+--------+
         Total |  11562 |  11260 |    302 |   1278 |   7882 |  12 |  963.5 |
       Dungeon |  11013 |  10722 |    291 |   1278 |   7485 |   9 | 1223.7 |
        Temple |    110 |     99 |     11 |      0 |     78 |   1 |  110.0 |
         Sewer |    423 |    423 |      0 |      0 |    319 |   1 |  423.0 |
        Bailey |     15 |     15 |      0 |      0 |      0 |   1 |   15.0 |
               +--------+--------+--------+--------+--------+-----+--------+

Top non-repeatable levels by time:
     D:6: 1979 daAuts
     D:5: 1857 daAuts
     D:4: 1772 daAuts
     D:7: 1579 daAuts
     D:1: 1369 daAuts
     D:3: 993 daAuts
     D:2: 731 daAuts
     D:8: 628 daAuts
   Sewer: 423 daAuts
  Temple: 110 daAuts
     D:9: 101 daAuts
  Bailey: 15 daAuts
